 Dungeon Crawl Stone Soup version 0.30.0-17-ge0270778cf (webtiles) character file.

Game seed: 8177964049356408889

66 Sabo the Chopper (level 3, -1/28 HPs)
             Began as a Demonspawn Gladiator on May 21, 2023.
             Was a Follower of Makhleb.
             Slain by Terence
             ... wielding a +0 trident
              (5 damage)
             ... on level 3 of the Dungeon.
             The game lasted 00:08:10 (1814 turns).

Sabo the Chopper (Demonspawn Gladiator)             Turns: 1814, Time: 00:08:10

Health: -1/28      AC:  8    Str: 16    XL:     3   Next: 96%
Magic:  3/3        EV:  8    Int:  9    God:    Makhleb [*.....]
Gold:   101        SH:  0    Dex: 14    Spells: 2/2 levels left

rFire   . . .        a - +0 war axe
rCold   . . .        (no shield)
rNeg    + . .        n - +0 chain mail
rPois   .            (helmet restricted)
rElec   .            (no cloak)
rCorr   .            (no gloves)
SInv    .            (no boots)
Will    .....        (no amulet) Stlth
                     m - ring of positive energy
HPRegen 0.24/turn    (no ring)
MPRegen 0.08/turn

%: no passive effects
@: no status effects
A: horns 1
a: Renounce Religion


You were on level 3 of the Dungeon.
You worshipped Makhleb.
Makhleb was aware of your devotion.
You visited 1 branch of the dungeon, and saw 3 of its levels.

You collected 101 gold pieces.

Inventory:

Hand Weapons
 a - a +0 war axe (weapon)
 c - a +1 short sword of draining
Missiles
 d - 3 throwing nets (quivered)
 e - a javelin
 g - 9 boomerangs
Armour
 n - a +0 chain mail (worn)
Jewellery
 m - a ring of positive energy (left hand)
Scrolls
 f - a scroll of identify {unknown}
 i - a scroll of blinking {unknown}
 l - a scroll of enchant armour {unknown}
Potions
 b - a potion of haste {unknown}
 h - 2 potions of cancellation {unknown}
 j - 2 potions of curing {unknown}
 o - a potion of invisibility {unknown}


   Skills:
 + Level 2.5 Fighting
 + Level 3.5 Axes
 + Level 1.8 Throwing
 + Level 0.9 Armour
 + Level 3.1 Dodging
 + Level 0.2 Stealth


You had 2 spell levels left.
You didn't know any spells.
Your spell library was empty.

Dungeon Overview and Level Annotations

Branches:
Dungeon (3/15)

Altars:
Makhleb

Annotations:
D:3 Terence


Innate Abilities, Weirdness & Mutations

You have a pair of small horns on your head.


Message History

Makhleb accepts your kill.
Found a robe.
You see here a +0 robe.
Found 14 gold pieces.
You now have 101 gold pieces (gained 14).
You drop a +0 scale mail.
There is a stone staircase leading down here.
You climb downwards.
There is a stone staircase leading up here.
Terence the Incautious comes into view.
He is wielding a +0 trident.
Terence closely misses you.
Found 4 stones.
Terence barely misses you.
You hit Terence.
Terence is lightly wounded.
Terence hits you with a +0 trident.
You slash Terence!
Terence is heavily wounded.
Terence hits you but does no damage.
You hit Terence.
Terence is almost dead.
Terence hits you but does no damage. Terence screams, "I want your blood!"
Terence hits you with a +0 trident.
You barely miss Terence.
Terence is almost dead.
Terence barely misses you.
You closely miss Terence.
Terence is almost dead.
Terence hits you with a +0 trident!
You hit Terence but do no damage. Your headbutt misses Terence.
Terence is almost dead.
Terence hits you with a +0 trident. Terence hits you with a +0 trident!
* * * LOW HITPOINT WARNING * * *
You hit Terence but do no damage. You headbutt Terence, but do no damage.
Terence is almost dead.
Terence hits you but does no damage.
You hit Terence.
Terence is almost dead.
Terence hits you with a +0 trident.
You die...

#.# #.. ...
#.# #.####
#....
.###.##..#
(.....@@.#
####.###.# #.#
#.# #.# ###
#.# #.. #.#
#.# #.# #.# ##
#.####.###....


You could see Terence.

Vanquished Creatures
  2 adders (D:2)
  A worm (D:2)
  A dart slug (D:1)
  2 ball pythons
  2 bats
  7 endoplasms
  5 giant cockroaches
  A goblin (D:2)
  5 hobgoblins
  3 kobolds (D:2)
  4 quokkas
  A frilled lizard (D:1)
  3 rats
37 creatures vanquished.

Notes
Turn   | Place    | Note
-------+----------+-------------------------------------------
     0 | D:1      | Sabo the Demonspawn Gladiator began the quest for the Orb.
     0 | D:1      | Reached XP level 1. HP: 16/16 MP: 1/1
   484 | D:1      | Gained mutation: You have a pair of small horns on your
                  | head. [demonic ancestry]
   484 | D:1      | Reached XP level 2. HP: 16/22 MP: 2/2
  1042 | D:2      | Reached XP level 3. HP: 25/27 MP: 3/3
  1071 | D:2      | Found a faded altar of an unknown god.
  1083 | D:2      | Prayed at the altar of an unknown god.
  1083 | D:2      | Became a worshipper of Makhleb the Destroyer
  1083 | D:2      | Reached * piety under Makhleb
  1804 | D:3      | Noticed Terence
  1814 | D:3      | Slain by Terence

Illustrated notes

Levels and vault maps discovered:
D:1:      dpeg_arrival_castle, layout_basic
D:2:      layout_basic, shapermc_ecumenical_altar_mp_ritualfount
D:3:      layout_loops_ring, nicolae_sif_muna_condensation, uniq_robin,
          uniq_terence

Skill      XL: |  1  2 |
---------------+-------+-----
Axes           | 3 |  3.5
Dodging        | 3 |  3.1
Fighting       | |  2.5
Throwing       | |  1.8
Armour         | |  0.9
Stealth        | |  0.2

Action                     || total
---------------------------++-------
  Melee: War axe           ||   126
         Punch             ||     1
         Headbutt          ||    14
 Armour: Leather armour    ||    14
         Scale mail        ||    26
         Chain mail        ||     7
  Dodge: Dodged            ||    74
